Description

Great build for crushing through the roach-heavy meta on the ladder. The first drop functions a lot like an archon drop but with a lot more punching power vs roaches.

You can afford a fast 3rd and build up your sentry count early so they have time to build energy. You could macro off the back of this, however I prefer to hit the huge timing attack as follows:

Stop at 41 probes, 3-gases. The 3rd base is just to give the appearance of macro.

Keep building immortals behind the initial drop and do a 4-5 immortal timing attack with a lot of sentries and a tonne of stalkers (8 gates). You skip the twilight and focus on raw numbers here. Warp in more zealots/adepts vs ling heavy forces, otherwise just pure stalkers to reinforce.

NOTE: Build is played in G5 of the VoD, starting at 59:00 (another crappy execution of it is in g2)

VOD

https://www.youtube.com/watch?v=mtgvvFTSbq0

Replay - Immortal Drop into 4-Immortal Sentry-Stalker Timing

Build Order

Get SALT Encoding   

  12  0:02  Probe  
  13  0:14  Probe  
  13  0:19  Pylon  
  14  0:26  Probe (Chrono Boost)  
  15  0:39  Probe (Chrono Boost)  
  16  0:47  Gateway  
  16  0:48  Assimilator  
  16  0:49  Probe (Chrono Boost)  
  17  0:57  Probe  
  18  1:10  Probe  
  19  1:22  Probe  
  20  1:28  Nexus  
  20  1:38  Cybernetics Core  
  20  1:42  Probe  
  20  1:46  Assimilator  
  21  1:54  Probe  
  22  1:57  Pylon  
  23  2:14  Adept (Chrono Boost)  
  23  2:15  Warp Gate  
  26  2:29  Robotics Facility  
  27  2:39  Stalker (Chrono Boost)  
  32  3:01  Adept  
  37  3:18  Immortal (Chrono Boost)  
  43  3:30  Gateway  
  43  3:32  Pylon  
  46  3:56  Immortal (Chrono Boost)  
  48  4:07  Assimilator  
  49  4:10  Pylon  
  50  4:21  Sentry  
  53  4:26  Warp Prism (Chrono Boost)  
  55  4:32  Sentry  
  57  4:45  Pylon  
  58  4:48  Nexus  
  58  4:53  Adept  
  60  5:04  Adept  
  54  5:12  Shield Battery  
  54  5:20  Sentry  
  57  5:26  Forge  
  58  5:29  Gateway x4  
  58  5:37  Adept  
  58  5:42  Protoss Ground Weapons Level 1  
  60  5:43  Shield Battery  
  62  5:57  Immortal (Chrono Boost)  
  66  6:06  Gateway x3  
  66  6:22  Sentry x2  
  70  6:29  Immortal (Chrono Boost)  
  74  7:03  Stalker x5, Sentry x2  
  74  7:08  Stalker x2  
  92  7:26  Stalker x2  
  84  8:13  Adept  
  82  8:28  Zealot x4  
  88  9:16  Zealot x4  
Spawning Tool Build Advisor. Get it on Overwolf

Go to:

Details

  • Created by: PiG      
  • Published on: Apr 17, 2018
  • Modified on: Apr 18, 2018
  • Patch: 4.0.0
Show
View Real Time Build Order
Export as new Build Order

Comments (0)

There are no comments. Be the first!

Create an account to comment!